 Dungeon Crawl Stone Soup version 0.22-a0-580-gd5db89c (webtiles) character file.

186 sking99 the Skirmisher (level 5, -2/62 HPs)
             Began as an Ogre Hunter on July 2, 2018.
             Slain by a shadow imp (5 damage)
             ... on level 2 of the Dungeon.
             The game lasted 00:05:53 (3809 turns).

sking99 the Skirmisher (Ogre Hunter)                Turns: 3809, Time: 00:05:53

Health: -2/62      AC:  3    Str: 16    XL:     5   Next: 66%
Magic:  5/5        EV: 10    Int: 12    God:
Gold:   99         SH:  0    Dex: 10    Spells: 4/4 levels left

rFire    . . .     SeeInvis .   h - +0 whip
rCold    . . .     Gourm    .   (no shield)
rNeg     . . .     Faith    .   b - +0 robe
rPois    .         Spirit   .   (helmet restricted)
rElec    .         Reflect  .   (no cloak)
rCorr    .         Harm     .   (gloves unavailable)
MR       .....                  (boots unavailable)
Stlth    +.........             (no amulet)
HPRegen  0.20/turn              (no ring)
MPRegen  0.09/turn              (no ring)

@: no status effects
A: large, unfitting armour, tough skin 1
a: no special abilities


You were on level 2 of the Dungeon.
You were not hungry.

You visited 1 branch of the dungeon, and saw 3 of its levels.

You collected 99 gold pieces.

Inventory:

Hand Weapons
 h - a +0 whip (weapon)
Missiles
 c - 5 large rocks (quivered)
 d - 2 throwing nets
 e - 23 stones
Armour
 b - a +0 robe (worn)
Jewellery
 o - a cursed ring of loudness {unknown}
Scrolls
 a - 2 scrolls of teleportation {unknown}
 g - a scroll of enchant armour {unknown}
 l - 6 scrolls of identify {unknown}
 n - a scroll of enchant weapon {unknown}
 q - a scroll of fear {unknown}
Potions
 i - a potion of resistance {unknown}
 j - a potion of haste {unknown}
 k - 2 potions of heal wounds {unknown}
 m - 2 potions of invisibility {unknown}
 p - a potion of berserk rage {unknown}
 s - a potion of flight {unknown}
Comestibles
 f - 2 rations
 r - 2 chunks of flesh


   Skills:
 + Level 7.5 Fighting
 - Level 4.0 Throwing
 - Level 1.7 Dodging
 - Level 0.6 Stealth


You had 4 spell levels left.
You didn't know any spells.
Your spell library was empty.

Dungeon Overview and Level Annotations

Branches:
Dungeon (3/15)

Altars:
Zin


Innate Abilities, Weirdness & Mutations

You are too large for most types of armour.
You have tough skin. (AC +1)


Message History

The shadow imp is almost dead.
The goblin hits you with a dagger.
* * * LOW HITPOINT WARNING * * *
The shadow imp hits you.
* * * LOW HITPOINT WARNING * * *
You closely miss the shadow imp.
The shadow imp is almost dead.
The goblin closely misses you. The shadow imp barely misses you.
You hit the shadow imp.
The shadow imp is almost dead.
The goblin hits you with a dagger.
* * * LOW HITPOINT WARNING * * *
The shadow imp gestures at you. Pain shoots through your body!
* * * LOW HITPOINT WARNING * * *
The goblin completely misses you.
You closely miss the shadow imp.
The shadow imp is almost dead.
The shadow imp hits you.
You die...

..........###..#.#)##.###........
##.#.####.##...#......# #........
##.#.# #.##...#.#.##.# ########'
##.#.# #.##.......##.# #. ...#)#
#.##.#.#.####.# ########'
####.####....#.....##.# #........
#..#.........##..#.##.# #........
...#....####...).g.#..# #........
#.##...........5@###.####........
#.##....########## #....)........
........#......# #..###........
#.##...##......# #..# #########
.......).......#####..# #....#
#.##...#..............# #.##..
#.##...#.......######.######.####
#.##...#.###.................#...
#.##...#.# #..........########.#.


You could see a shadow imp and a goblin.

Vanquished Creatures
  A wyvern skeleton (D:2)
  Robin (D:2)
  4 adders
  A worm (D:2)
  2 dart slugs (D:2)
  4 leopard geckos
  4 orcs (D:2)
  3 giant cockroaches
  7 goblins
  4 hobgoblins
  4 jackals (D:2)
  A quokka (D:2)
  A ball python (D:1)
  6 bats
  10 frilled lizards
  11 kobolds
  11 rats
75 creatures vanquished.

Notes
Turn   | Place    | Note
-------+----------+-------------------------------------------
     0 | D:1      | sking99 the Ogre Hunter began the quest for the Orb.
     0 | D:1      | Reached XP level 1. HP: 22/22 MP: 1/1
    80 | D:1      | Reached skill level 3 in Fighting
   177 | D:1      | Reached XP level 2. HP: 18/31 MP: 2/2
   370 | D:1      | Reached skill level 4 in Fighting
   939 | D:2      | Reached XP level 3. HP: 37/40 MP: 3/3
  1356 | D:2      | Reached skill level 5 in Fighting
  1969 | D:2      | Reached XP level 4. HP: 45/50 MP: 4/4
  2340 | D:2      | Reached skill level 6 in Fighting
  2838 | D:2      | Reached skill level 7 in Fighting
  2838 | D:2      | Reached XP level 5. HP: 62/62 MP: 5/5
  2892 | D:2      | Found a glowing silver altar of Zin.
  2892 | D:2      | Noticed an angel
  3604 | D:3      | Noticed Robin
  3802 | D:2      | Killed Robin
  3808 | D:2      | HP: 3/62 [shadow imp/nerve-wracking pain (7)]
  3809 | D:2      | Slain by a shadow imp

Vault maps used:
D:1:      wheals_arrival_linesprint, minmay_pentomino_z4
D:2:      zin_angel, wad_orctagon
D:3:      minmay_diamond_boxcup, minivault_19, nicolae_ashenzari_panopticon,
          uniq_natasha, uniq_robin

Skill      XL: |  1  2  3  4 |
---------------+-------------+-----
Fighting       | 3 4 5 7 |  7.5
Throwing       | |  4.0
Dodging        | |  1.7
Stealth        | |  0.6

Action                   |  1- 3 |  4- 6 || total
-------------------------+-------+-------++-------
Melee: Short sword       |    27 |       ||    27
       Whip              |   144 |   178 ||   322
Throw: Large rock        |       |     6 ||     6
 Stab: Sleeping          |     4 |       ||     4
  Eat: Chunk             |     3 |     7 ||    10
Armor: Robe              |    63 |    61 ||   124
Dodge: Dodged            |   127 |   126 ||   253

Table legend:
 A = Spawn XP
 B = Non-spawn XP
 C = Spawn XP percentage of total XP
 D = Spawn monster count
 E = Non-spawn monster count
 F = Spawn count percentage of total count
 G = Total turns spent on level
                    A         B        C        D         E        F      G
               +---------+---------+-------+---------+---------+-------+---------
         Total |       0 |     267 |   0.0 |       0 |      75 |   0.0 |  3809
               +---------+---------+-------+---------+---------+-------+---------
           D:1 |       0 |      31 |   0.0 |       0 |      21 |   0.0 |   929
           D:2 |       0 |     207 |   0.0 |       0 |      43 |   0.0 |  2476
           D:3 |       0 |      29 |   0.0 |       0 |      11 |   0.0 |   404
               +---------+---------+-------+---------+---------+-------+---------
